 Dungeon Crawl Stone Soup version 0.19-a0-459-gb8ed64d (webtiles) character file.

243 mopl the Insei (level 5, 0/41 HPs)
             Began as a Mummy Monk on June 2, 2016.
             Slain by an iguana (7 damage)
             ... on level 4 of the Dungeon.
             The game lasted 00:06:24 (4227 turns).

mopl the Insei (Mummy Monk)                         Turns: 4227, Time: 00:06:25

Health: 0/41       AC:  1    Str: 14    XL:     5   Next: 82%
Magic:  5/5        EV: 13    Int:  9    God:
Gold:   146        SH:  0    Dex: 16    Spells: 0 memorised, 4 levels left

rFire  x . .     SeeInvis .       - Unarmed
rCold  + . .     Gourm    .     (no armour)
rNeg   + + +     Faith    .     (no shield)
rPois  ∞         Spirit   .     (no helmet)
rElec  .         Dismiss  .     (no cloak)
rCorr  .         Reflect  .     (no gloves)
SustAt .         Harm     .     c - +0 pair of boots
MR     .....                    (no amulet)
Stlth  ++........               (no ring)
                                (no ring)

@: not resistant to hostile enchantments, unstealthy
A: no food or potions, fire vulnerability, cold resistance 1, negative energy
resistance 3, torment resistance, unbreathing
a: no special abilities


You were on level 4 of the Dungeon.
You were not hungry.

You visited 1 branch of the dungeon, and saw 4 of its levels.

You collected 146 gold pieces.

Inventory:

Armour
 c - a +0 pair of boots (worn)
Scrolls
 a - a scroll of blinking
 b - a scroll of immolation {!r}
 d - a scroll of identify
 e - a scroll of enchant weapon
 f - a scroll of remove curse


   Skills:
 + Level 3.3 Fighting
 + Level 2.8 Dodging
 - Level 1.5 Stealth
 * Level 5.6 Unarmed Combat


You had 4 spell levels left.
You didn't know any spells.

Dungeon Overview and Level Annotations

Branches:
Dungeon (4/15)
 Temple: D:4-7

Altars:


Innate Abilities, Weirdness & Mutations

You do not eat or drink.
Your flesh is vulnerable to fire.
You are immune to poison.
Your flesh is cold resistant. (rC+)
You are immune to negative energy. (rN+++)
You are immune to unholy pain and torment.
You can survive without breathing.


Message History

You closely miss the iguana. You hit the iguana.
The iguana is moderately wounded.
The iguana bites you!
You are too injured to fight recklessly!
You hit the iguana.
The iguana is heavily wounded.
The iguana bites you.
You hit the iguana.
The iguana is severely wounded.
The iguana bites you.
You barely miss the iguana.
The iguana is severely wounded.
The iguana bites you!
* * * LOW HITPOINT WARNING * * *
You see here a scale mail.
You hit the iguana.
The iguana is almost dead.
The iguana bites you!
You die...

#.................
#...........###.##. ########
#.................. #......#
#########.#........##
#...÷..#############)#.####.#.#..
#.................).)#....#.... .
#####.################....##.....
#.#......#.#######....##..#.#
##.#'##...#..@l...........>.%
#.....#...#.#######.######.###
#.....##.## #.[.........
#.....##.# ###.........
#.....##.# #.####.... ......##.#
#.# ##... ##.....##.# .# #.# #...
..##+###.# ######.# #.# ###+ .#.
#.# #......# #.#


You could see an iguana.

Vanquished Creatures
  A giant frog (D:4)
  A howler monkey (D:4)
  An orc wizard (D:4)
  An adder (D:2)
  An ooze (D:3)
  2 worms (D:2)
  An adder skeleton (D:4)
  3 dart slugs (D:1)
  4 giant geckos
  5 orcs
  2 giant cockroaches
  7 goblins (D:1)
  8 hobgoblins
  6 jackals
  10 kobolds
  2 quokkas (D:3)
  7 bats
  3 giant newts
  10 rats
75 creatures vanquished.

Notes
Turn   | Place    | Note
--------------------------------------------------------------
     0 | D:1      | mopl the Mummy Monk began the quest for the Orb.
     0 | D:1      | Reached XP level 1. HP: 18/18 MP: 1/1
   323 | D:1      | Reached XP level 2. HP: 18/24 MP: 2/2
  1058 | D:1      | Reached skill level 4 in Unarmed Combat
  1362 | D:1      | Reached XP level 3. HP: 11/29 MP: 3/3
  3004 | D:1      | Reached XP level 4. HP: 34/35 MP: 4/4
  3643 | D:3      | Noticed an ogre
  3699 | D:4      | Reached skill level 5 in Unarmed Combat
  3699 | D:4      | Reached XP level 5. HP: 26/41 MP: 5/5
  4227 | D:4      | Slain by an iguana

Vault maps used:
D:1:      onia_arrival_mini_spirals, serial_glass, glass_columns_c,
          glass_columns_a, grunt_decor_clamped
D:2:      lemuel_upstairs_altar
D:3:      xom_teletrap_fun, serial_curves, eino_curves_04, eino_curves_04
D:4:      first_bread, makhleb_altar_promises_db

Skill      XL: |  1  2  3  4 |
---------------+-------------+-----
Unarmed Combat | 4 5 |  5.6
Fighting       | |  3.3
Dodging        | |  2.8
Stealth        | |  1.5

Action                   |  1- 3 |  4- 6 || total
-------------------------+-------+-------++-------
Melee: Unarmed           |   190 |   123 ||   313
       Punch             |     3 |     3 ||     6
  Use: Scroll            |     2 |     2 ||     4
 Stab: Distracted        |     2 |       ||     2
       Sleeping          |     1 |       ||     1
Armor: Robe              |     4 |       ||     4
       Skin              |    19 |     5 ||    24
Dodge: Dodged            |   129 |    79 ||   208
